Map: 나이트쉐이드 - 래더

Players

Lambo

  • Race: Zerg Zerg
  • Spawn Location: 11:00

Cure - Winner!

  • Race: Terran Terran
  • Spawn Location: 5:00

Event: IEM Katowice 2020

VOD

Have the link to the VOD?

Description

Time

  • Played on: Feb. 28, 2020, 10:36 a.m.
  • Length: 11:50

All games in this series

Show
View Real Time Build Order
Export as new Build Order

Lambo Zerg 

Build Orders: Hatch First 

Get SALT Encoding   

  12  0:01  Drone  
  13  0:13  Overlord  
  13  0:17  Drone  
  14  0:31  Drone x2  
  16  0:47  Hatchery  
  15  0:51  Drone  
  15  0:54  Drone  
  17  0:57  Drone  
  18  1:08  Extractor  
  17  1:13  Spawning Pool  
  17  1:16  Drone  
  17  1:19  Drone  
  18  1:28  Drone  
  19  1:39  Drone  
  20  1:50  Overlord  
  20  1:59  Queen x2  
  20  2:01  Zergling x4  
  26  2:11  Drone x2  
  26  2:13  Metabolic Boost  
  28  2:22  Drone  
  29  2:26  Drone  
  29  2:39  Hatchery, Drone  
  29  2:45  Drone  
  29  2:46  Drone  
  29  2:47  Overlord  
  31  2:53  Queen  
  31  2:55  Drone  
  31  2:58  Drone  
  35  3:13  Drone x5  
  35  3:16  Overlord  
  40  3:23  Queen  
  40  3:26  Drone x2  
  44  3:34  Queen  
  44  3:35  Overlord  
  44  3:38  Drone  
  47  3:44  Drone  
  47  3:46  Drone  
  49  3:48  Drone x3  
  49  3:50  Queen  
  54  3:56  Zergling x4  
  54  4:00  Zergling x4  
  58  4:03  Overlord  
  58  4:05  Zergling x2  
  58  4:07  Drone x2  
  61  4:10  Drone  
  61  4:11  Queen  
  61  4:14  Drone  
  65  4:18  Drone  
  65  4:22  Drone  
  67  4:26  Lair, Baneling Nest  
  67  4:27  Overlord  
  67  4:29  Drone  
  67  4:31  Spore Crawler x2  
  67  4:32  Drone  
  67  4:33  Spore Crawler  
  67  4:36  Drone  
  66  4:40  Overlord  
  66  4:42  Extractor  
  66  4:44  Extractor  
  64  4:47  Drone x6  
  64  4:49  Drone  
  64  4:51  Drone  
  72  4:55  Drone  
  72  4:58  Zergling x4  
  75  5:01  Drone x3  
  75  5:05  Drone x3  
  79  5:11  Evolution Chamber, Drone x2  
  79  5:12  Evolution Chamber  
  79  5:14  Drone  
  80  5:20  Drone  
  81  5:24  Drone  
  82  5:28  Overlord  
  82  5:31  Overlord  
  82  5:32  Hatchery, Overseer  
  82  5:33  Overlord  
  82  5:34  Overlord  
  81  5:36  Centrifical Hooks  
  81  5:39  Drone  
  81  5:40  Extractor  
  79  5:43  Drone x3  
  79  5:45  Zergling x2  
  79  5:46  Zerg Ground Armor Level 1  
  79  5:49  Drone  
  83  5:50  Drone  
  83  5:52  Drone x2  
  83  5:54  Zerg Melee Weapons Level 1  
  83  5:55  Drone  
  87  5:59  Drone x3  
  87  6:02  Drone x3  
  90  6:04  Drone  
  91  6:11  Drone x3  
  94  6:19  Zergling x6  
  94  6:23  Hatchery  
  94  6:25  Zergling x10  
  101  6:28  Pneumatized Carapace  
  101  6:33  Zergling x8  
  101  6:34  Baneling x6  
  101  6:38  Zergling x6  
  108  6:42  Zergling x6  
  108  6:44  Baneling x3  
  108  6:45  Zergling x6  
  114  6:48  Overlord  
  114  6:54  Overlord  
  114  6:55  Overlord  
  114  6:57  Overlord  
  114  7:03  Overlord  
  114  7:04  Overlord  
  114  7:06  Drone x5  
  114  7:08  Infestation Pit  
  119  7:11  Drone x2  
  119  7:13  Queen  
  119  7:15  Drone  
  121  7:17  Overlord  
  119  7:23  Zergling x14  
  119  7:28  Zergling x2  
  119  7:29  Zergling x2  
  128  7:32  Zergling x4  
  130  7:38  Zergling x12  
  130  7:39  Baneling  
  136  7:44  Zerg Ground Armor Level 2  
  136  7:45  Zergling x2  
  136  7:47  Zergling x8  
  136  7:49  Hive  
  139  7:52  Zergling x18  
  139  7:53  Zerg Melee Weapons Level 2  
  148  7:59  Zergling x6  
  148  8:00  Baneling x6  
  148  8:05  Drone x6  
  157  8:07  Baneling  
  157  8:09  Zergling x2  
  157  8:12  Zergling x6  
  161  8:18  Zergling x2  
  161  8:20  Queen, Drone  
  161  8:21  Drone  
  161  8:22  Overlord x2  
  161  8:23  Overlord, Extractor  
  164  8:36  Drone  
  164  8:37  Overlord, Spore Crawler x2  
  164  8:38  Zergling x4, Baneling x8  
  164  8:39  Overlord  
  165  8:43  Zergling x22  
  165  8:46  Zergling x2  
  165  8:48  Baneling x20  
  177  8:49  Zergling x8  
  177  8:50  Baneling  
  177  8:52  Zergling x10  
  177  8:53  Zergling x2  
  187  8:55  Zergling x2  
  187  8:56  Zergling x4  
  187  8:58  Baneling x4  
  187  9:00  Zergling x2  
  187  9:02  Zergling x8  
  193  9:05  Zergling x4  
  186  9:10  Zergling x4  
  186  9:12  Zergling x2  
  166  9:18  Ultralisk Cavern, Drone x5  
  166  9:20  Zergling x10  
  169  9:32  Zergling x18  
  169  9:37  Baneling x9  
  178  9:40  Zergling x2  
  178  9:41  Zergling x6  
  178  9:42  Baneling x4  
  178  9:45  Zergling x10  
  177  9:52  Zergling x2  
  177  9:53  Zergling x8  
  177  9:56  Zergling x14  
  181  10:00  Zergling x2  
  181  10:01  Zergling x4  
  181  10:04  Zergling x2  
  172  10:08  Zergling x6  
  172  10:11  Zergling x2  
  172  10:13  Hatchery  
  172  10:14  Zergling x2  
  174  10:15  Queen x3  
  174  10:16  Chitinous Plating  
  174  10:20  Zergling x6  
  174  10:21  Baneling x13  
  183  10:22  Zergling x2, Baneling x3  
  183  10:23  Zergling x2  
  183  10:26  Baneling  
  183  10:27  Zergling x4, Baneling x2  
  185  10:30  Zergling x2  
  185  10:33  Baneling x3  
  185  10:34  Zergling x26  
  195  10:38  Zergling x4  
  195  10:41  Zergling x2  
  164  10:42  Zergling x2  
  164  10:43  Zergling x4  
  164  10:44  Zergling x2  
  164  10:45  Zergling x2  
  164  10:49  Zergling x4  
  137  10:51  Zergling x2  
  137  10:53  Baneling x10  
  137  10:55  Zergling x2  
  137  10:56  Zergling x2  
  129  10:58  Baneling x2  
  129  10:59  Zergling x2  
  129  11:02  Zergling x20  
  129  11:03  Zergling x2  
  140  11:04  Zergling x2  
  140  11:06  Queen x2  
  140  11:09  Zergling x2  
  131  11:11  Zergling x4  
  131  11:12  Zergling x2  
  131  11:13  Queen x2  
  131  11:17  Zergling x2  
  129  11:19  Baneling x2  
  129  11:21  Zergling x2  
  129  11:22  Zergling x2  
  116  11:25  Zergling x6  
  116  11:28  Baneling x4  
Show
View Real Time Build Order
Export as new Build Order

Cure Terran - Winner!

Build Orders: Reaper Expand, Hellion Banshee 

Get SALT Encoding   

  12  0:00  SCV  
  13  0:12  SCV  
  14  0:17  Supply Depot  
  14  0:24  SCV  
  15  0:38  SCV  
  15  0:40  Barracks  
  15  0:42  Refinery  
  16  0:50  SCV  
  17  1:02  SCV  
  18  1:15  SCV  
  19  1:26  Reaper  
  19  1:27  Orbital Command  
  20  1:39  Command Center  
  20  1:47  Supply Depot  
  20  1:53  SCV  
  21  1:58  Marine  
  22  2:05  SCV  
  23  2:10  Factory  
  23  2:17  SCV  
  23  2:18  Refinery  
  23  2:19  Barracks Reactor  
  24  2:29  SCV  
  25  2:41  SCV  
  26  2:51  Orbital Command  
  26  2:53  SCV  
  26  2:54  Starport  
  27  3:02  Hellion x2  
  27  3:03  Barracks Tech Lab  
  27  3:05  SCV  
  32  3:16  SCV  
  32  3:17  SCV  
  34  3:22  Supply Depot  
  34  3:23  Hellion x2  
  38  3:28  SCV  
  38  3:29  SCV  
  40  3:37  Cloaking Field, Marine  
  40  3:39  Banshee  
  40  3:40  SCV  
  45  3:41  SCV  
  45  3:46  Supply Depot  
  46  3:53  SCV, Hellion x2  
  46  3:54  SCV  
  52  3:56  Barracks Tech Lab  
  52  4:05  SCV  
  52  4:06  SCV  
  54  4:12  Command Center  
  54  4:17  SCV  
  54  4:18  SCV  
  54  4:22  Banshee  
  59  4:27  Stimpack, Marine  
  59  4:31  Supply Depot  
  60  4:32  SCV x2  
  62  4:40  Factory Reactor  
  62  4:44  Barracks  
  62  4:47  SCV x2, Supply Depot, Barracks  
  62  4:52  Marine  
  63  4:58  Engineering Bay x2  
  63  5:00  SCV x2, Supply Depot  
  65  5:10  Marine  
  65  5:12  SCV  
  65  5:13  SCV  
  68  5:16  Starport Reactor  
  68  5:18  Refinery x2  
  68  5:24  Orbital Command  
  68  5:25  SCV x2  
  68  5:28  Marine  
  71  5:29  Terran Infantry Weapons Level 1, Terran Infantry Armor Level 1  
  71  5:38  SCV  
  71  5:39  SCV, Marine x2  
  75  5:44  Marine x2  
  75  5:46  Orbital Command, Marine  
  78  5:52  SCV x2  
  78  5:55  Medivac x2  
  78  5:56  Barracks  
  84  5:57  Siege Tank  
  84  5:59  Barracks  
  82  6:04  Marine x5  
  82  6:07  SCV x2  
  82  6:10  Combat Shield  
  89  6:14  SCV  
  90  6:19  SCV x2, Supply Depot  
  90  6:21  Supply Depot  
  90  6:22  Marine x5  
  94  6:27  SCV  
  94  6:31  SCV, Siege Tank  
  99  6:33  SCV  
  99  6:35  Armory  
  99  6:39  SCV, Supply Depot  
  101  6:42  Supply Depot  
  101  6:46  SCV x2  
  103  6:48  Barracks Reactor x2, Marine x4  
  103  6:49  Marine  
  103  6:52  SCV  
  103  6:53  Supply Depot  
  109  7:06  Marine x5  
  112  7:09  Barracks x2  
  112  7:10  Barracks  
  112  7:13  SCV x2  
  112  7:14  SCV  
  112  7:15  Refinery  
  115  7:21  Medivac  
  115  7:22  Medivac  
  119  7:24  Marine x5  
  119  7:25  Siege Tank  
  119  7:28  Terran Infantry Weapons Level 2  
  127  7:31  Marine x4  
  127  7:37  Terran Infantry Armor Level 2  
  131  7:39  Supply Depot  
  131  7:42  Supply Depot, Marine x2  
  133  7:49  Marine x2  
  133  7:50  Marine x4  
  133  7:51  Marine  
  141  8:00  Medivac x2, Marine x2  
  141  8:01  Supply Depot  
  141  8:02  Supply Depot  
  141  8:05  Supply Depot  
  149  8:07  Barracks Reactor x2, Marine x3  
  149  8:08  Barracks Reactor  
  149  8:13  Supply Depot, Siege Tank  
  149  8:17  Marine x4  
  149  8:18  Marine x2  
  153  8:25  Supply Depot, Marine x3  
  156  8:29  Supply Depot  
  156  8:35  Marine x4  
  156  8:36  Marine x2  
  156  8:39  Supply Depot  
  162  8:43  Marine x5  
  167  8:50  Marine x3  
  167  8:52  Siege Tank  
  167  8:53  Medivac x2  
  170  9:13  Marine x2  
  170  9:14  Marine x4  
  151  9:19  Marine x4  
  151  9:20  Marine x5  
  151  9:22  Terran Vehicle And Ship Armor Level 1  
  160  9:24  Siege Tank  
  160  9:28  Medivac  
  160  9:31  Medivac, Marine x4  
  167  9:32  Marine x2  
  167  9:37  Marine x6  
  167  9:38  Marine x3  
  182  9:49  Marine x6  
  182  9:54  Marine x2  
  182  9:55  Marine x6  
  182  9:56  Marine  
  183  10:05  Siege Tank  
  181  10:07  Marine x6  
  181  10:11  Liberator x2  
  181  10:12  Marine x4  
  181  10:13  Marine  
  198  10:14  Marine x2  
  200  10:34  Marine  
  200  10:39  Marine x2  
  200  10:42  Marine x6  
  171  10:47  Marine x6  
  171  10:49  Siege Tank  
  154  10:51  Marine  
  146  10:57  Marine x2, Liberator  
  146  11:03  Marine x4  
  155  11:06  Marine x2  
  153  11:12  Marine x6  
  153  11:13  Marine  
  153  11:15  Marine  
  153  11:16  Marine  
  151  11:21  Marine  
  151  11:22  Marine x3  
  157  11:26  Marine x2  
  157  11:30  Marine x3  
  157  11:31  Marine x2  

Tags
 
Add a new tag
Caveats
  • Supply blocks, unpowered buildings, or Contaminate may cause inaccurate times.
  • Supply counts are checked every 10 seconds.